 Dungeon Crawl Stone Soup version 0.23.0 (webtiles) character file.

Game seed: 9509336062660651260

554 Inarius the Ogre Mage (level 7, -1/61 HPs)
             Began as an Ogre Wizard on Feb 13, 2019.
             Slain by a river rat (7 damage)
             ... on level 5 of the Dungeon.
             The game lasted 00:13:25 (4476 turns).

Inarius the Ogre Mage (Ogre Wizard)                 Turns: 4476, Time: 00:13:26

Health: -1/61      AC:  3    Str: 12    XL:     7   Next: 30%
Magic:  2/15       EV:  1    Int: 21    God:
Gold:   205        SH:  0    Dex: -4 (7) Spells: 10/16 levels left

rFire    . . .     SeeInvis .   r - +0 dagger (speed)
rCold    + . .     Gourm    .   (no shield)
rNeg     . . .     Faith    .   q - +0 animal skin
rPois    +         Spirit   .   b - +0 hat
rElec    .         Reflect  .   (no cloak)
rCorr    .         Harm     .   (gloves unavailable)
MR       .....                  (boots unavailable)
Stlth    ..........             g - amulet of regeneration
HPRegen  0.60/turn              p - ring of protection from cold
MPRegen  0.14/turn              u - ring of poison resistance

@: slowed, lost dexterity, very slow
A: large, unfitting armour, tough skin 1
a: no special abilities


You were on level 5 of the Dungeon.
You were not hungry.

You visited 1 branch of the dungeon, and saw 5 of its levels.

You collected 205 gold pieces.

Inventory:

Hand Weapons
 r - a +0 dagger of speed (weapon)
Missiles
 t - 2 tomahawks
 y - 2 javelins (quivered)
Armour
 a - a +0 robe
 b - a +0 hat (worn)
 q - a +0 animal skin (worn)
Jewellery
 g - an amulet of regeneration (around neck)
 p - a ring of protection from cold (left hand)
 u - a ring of poison resistance (right hand)
Scrolls
 f - 3 scrolls of amnesia
 h - a scroll of remove curse
 m - 2 scrolls of identify
 n - a scroll of teleportation {unknown}
 o - a scroll of enchant armour {unknown}
 v - 2 scrolls of magic mapping
 w - a scroll of noise {unknown}
 x - a scroll of enchant weapon {unknown}
Potions
 c - a potion of berserk rage {unknown}
 e - a potion of curing
 i - 3 potions of cancellation {unknown}
 j - 3 potions of resistance {unknown}
 k - a potion of magic {unknown}
 l - 2 potions of mutation {unknown}
 s - a potion of might {unknown}
 z - a potion of haste {unknown}
 A - a potion of lignification {unknown}
Comestibles
 d - 9 rations


   Skills:
 + Level 0.9 Fighting
 + Level 1.1 Short Blades
 + Level 0.6 Throwing
 + Level 2.5 Dodging
 - Level 1.4 Stealth
 + Level 5.3 Spellcasting
 * Level 3.9 Conjurations
 * Level 3.5 Summonings
   Level 0.8 Translocations


You had 10 spell levels left.
You knew the following spells:

 Your Spells              Type           Power        Failure   Level  Hunger
a - Magic Dart            Conj           ###.         1%          1    None
b - Call Imp              Summ           ###.....     3%          2    None
c - Conjure Flame         Conj/Fire      ##......     14%         3    ##.....

Your spell library contained the following spells:

 Spells                   Type           Power        Failure   Level  Hunger
 Blink                    Tloc           N/A          11%         2    None
 Slow                     Hex            #.......     16%         2    None
 Mephitic Cloud           Conj/Pois/Air  ##......     19%         3    ##.....


Dungeon Overview and Level Annotations

Branches:
Dungeon (5/15)
 Temple: D:4-7

Altars:

Shops:
D:4 [

Annotations:
D:5 2 runed translucent doors, inmateoo's ghost, novice MfGl


Innate Abilities, Weirdness & Mutations

You are too large for most types of armour.
You have tough skin. (AC +1)


Message History

* * * LOW HITPOINT WARNING * * *
The centaur hits you!
* * * LOW HITPOINT WARNING * * *
Unknown command.
Casting: Call Imp (safe; 3% risk of failure)
Confirm with . or Enter, or press ? or * to list all spells.
Aiming: Magic Dart (safe; 2% risk of failure)
Press: ? - help, Shift-Dir - straight line, f/p - centaur
Aim: a centaur (almost dead)
The magic dart hits the centaur.
You kill the centaur!
Unknown command.
Your crimson imp blinks!
Things that are here:
a +0 shortbow; 4 arrows
Casting: Magic Dart (safe; 1% risk of failure)
Confirm with . or Enter, or press ? or * to list all spells.
A beastly little devil appears in a puff of frigid air.
The river rat bites you!
You die...

*≈*,*,*,*,*,P..,,,#.....#
,*,*,*,*,,,,,♣..,,....#.#****
*,*,*,**,*,*,♣#.###.#...,,,,*
,*,*,**,**,,*♣........#,***,*
*,*,***,,****####...#.#,*,,,*
,*,*,*,*,,♣,♣♣......<.#,*,***
*,***,,**,♣....##...#.#,*,*
,**,,*,P.♣♣P♣♣.#r..(#...,,*
*,***,,....P.♣.#@§........*
,*,*,,*,*,**#.((..######..#
*,*,**,*,,,,#.55..+,,,,*..#
,***,*≈,,*,♣#.....#***,*,.#
.,***,*,♣♣♣♣......# *,***#
..*,*,,♣♣.♣P....### *,,,,*
.P.*,,♣♣P♣......# ***,**
...P*♣♣.P.♣♣♣#..# *,*
.....♣...P♣.♣#..# *,*


You could see a river rat, a friendly crimson imp and a friendly white imp.

Vanquished Creatures
  A centaur (D:5)
  A quasit (D:5)
  A bullfrog skeleton (D:5)
  An orc wizard (D:3)
  3 worker ants
  2 hound skeletons
  5 adders
  An ooze (D:3)
  4 worms
  2 dart slugs (D:1)
  A leopard gecko (D:4)
  3 orcs
  2 bats (D:1)
  2 giant cockroaches
  7 hobgoblins
  2 jackals (D:1)
  3 quokkas
  6 frilled lizards
  13 goblins
  4 kobolds
  6 rats
70 creatures vanquished.

Vanquished Creatures (collateral kills)
  A necrophage (D:5)
  A howler monkey (D:4)
  A hound (D:5)
  An orc wizard (D:4)
  An orc priest (D:4)
  2 worker ants
  Robin (D:2)
  3 adders
  A shadow imp (D:5)
  3 orcs
  A kobold (D:2)
16 creatures vanquished.

Grand Total: 86 creatures vanquished

Notes
Turn   | Place    | Note
-------+----------+-------------------------------------------
     0 | D:1      | Inarius the Ogre Wizard began the quest for the Orb.
     0 | D:1      | Reached XP level 1. HP: 16/16 MP: 5/5
    62 | D:1      | Reached skill level 1 in Conjurations
   647 | D:1      | Reached skill level 4 in Spellcasting
   647 | D:1      | Reached XP level 2. HP: 24/24 MP: 0/7
   778 | D:1      | Learned a level 2 spell: Call Imp
  1096 | D:2      | Reached XP level 3. HP: 31/31 MP: 2/8
  1643 | D:2      | Reached skill level 1 in Summonings
  1643 | D:2      | Noticed Robin
  1838 | D:2      | Reached XP level 4. HP: 37/39 MP: 8/10
  1866 | D:2      | Killed Robin
  2808 | D:3      | Reached XP level 5. HP: 44/45 MP: 1/12
  2925 | D:3      | Learned a level 3 spell: Conjure Flame
  3319 | D:4      | Found Zopilaech's Armour Shoppe.
  3467 | D:4      | Reached XP level 6. HP: 47/54 MP: 7/13
  3737 | D:5      | Entered Level 5 of the Dungeon
  4026 | D:5      | Noticed a necrophage
  4038 | D:5      | Killed a necrophage
  4076 | D:5      | Found a large runed translucent door.
  4076 | D:5      | Found a large runed translucent door.
  4090 | D:5      | Noticed inmateoo's ghost (novice MfGl)
  4098 | D:5      | Reached XP level 7. HP: 55/61 MP: 8/14
  4112 | D:5      | Reached skill level 5 in Spellcasting
  4317 | D:5      | Lost dexterity.
  4323 | D:5      | Reached skill level 1 in Short Blades
  4476 | D:5      | Slain by a river rat

Skill      XL: |  1  2  3  4  5  6  7 |
---------------+----------------------+-----
Conjurations   | 1 2 3 |  3.9
Spellcasting   | 4 5 |  5.3
Summonings     | 1 2 3 |  3.5
Dodging        | 2 |  2.5
Short Blades   | 1 |  1.1
Fighting       | |  0.9
Throwing       | |  0.6
Stealth        | |  1.4
Translocations | |  0.8

Action                   |  1- 3 |  4- 6 |  7- 9 || total
-------------------------+-------+-------+-------++-------
Melee: Unarmed           |     4 |       |       ||     4
       Dagger            |    20 |   104 |     3 ||   127
Throw: Javelin           |     4 |     5 |     2 ||    11
       Tomahawk          |       |     2 |       ||     2
 Cast: Magic Dart        |    76 |    96 |    10 ||   182
       Call Imp          |     7 |    28 |    16 ||    51
  Use: Scroll            |       |     1 |     4 ||     5
       Potion            |       |       |     1 ||     1
 Stab: Sleeping          |     1 |       |       ||     1
       Distracted        |       |     1 |       ||     1
  Eat: Chunk             |     2 |     8 |     1 ||    11
Armor: Robe              |    10 |       |       ||    10
       Animal skin       |       |    17 |    27 ||    44
Dodge: Dodged            |    19 |    49 |    15 ||    83
